cohdb
Replays
Latest Replays
All Replays
Popular Replays
Top Player Replays
Match Explorer
How It Works
Community
CoH3 Stats
Reddit
Sign in to upload your games and track your stats! →
Sign in with Steam
Crazy game (3 vet easy8, 3vet sniper, game-changing battles)
Match 22746136
Overview
Messages
Build Orders
End
Panzergrenadier Squad
Panzergrenadier Squad
Panzergrenadier Squad
Construct Light Support Kompanie
MG34 Team
Fire Support Elements
Flakvierling Half-track
2.5-tonne Medical Truck
Selects Italian Infantry
Selects Guastatori Squad
Vehicle Survival Package
Selects Registered Artillery
le.IG 18 Mechanized Group
Construct Panzerarmee Kommand
Guastatori Squad
Selects Defensive Operations
Armored Reserves
Pak 38 Anti-tank Gun Team
Panzer IV Assault Group
Panzer III L Medium Tank
Selects Prepared Positions
Selects Obice 305mm Barrage
Panzer IV Assault Group
Panzer III L Medium Tank
Panzer III L Medium Tank
Registered Artillery
Obice 305mm Barrage
Panzer III L Medium Tank
StuG Assault Group
Registered Artillery
Registered Artillery
Enemy
Reakly
0
0
Comments
sign in to comment!
No comments posted yet!